 Dungeon Crawl Stone Soup version 0.20-a0-1056-g7622305 (webtiles) character file.

2712 Murumi the Covert (level 9, -1/63 HPs)
             Began as a Vampire Enchanter on Apr 26, 2017.
             Was a Believer of Dithmenos.
             Slain by a two-headed ogre (11 damage)
             ... on level 8 of the Dungeon.
             The game lasted 00:35:37 (9165 turns).

Murumi the Covert (Vampire Enchanter)               Turns: 9165, Time: 00:35:37

Health: -1/63      AC:  7    Str:  7    XL:     9   Next: 39%
Magic:  0/13       EV: 15    Int: 21    God:    Dithmenos [**....]
Gold:   414        SH:  0    Dex: 20    Spells: 2/14 levels left

rFire    . . .     SeeInvis +   e - +0 dagger (drain)
rCold    + . .     Gourm    .   (no shield)
rNeg     + + .     Faith    .   b - +0 robe
rPois    +         Spirit   +   J - +2 hat
rElec    .         Reflect  .   (no cloak)
rCorr    .         Harm     .   y - +2 pair of gloves "Tedirph" {MR+ Int+2}
MR       +....                  (no boots)
Stlth    +++++++++.             E - amulet of Pitub {Spirit rF- Int+2 Stlth+}
Regen    0.1/turn               G - +3 ring of slaying
MPRegen  0.2/turn               q - ring of protection from fire

@: regenerating slowly, wreathed by umbra
A: fangs 3, see invisible, agile 1, deterioration 1, unbreathing
a: Bat Form, Shadow Step, Renounce Religion


You were on level 8 of the Dungeon.
You worshipped Dithmenos.
Dithmenos was pleased with you.
You were near bloodless.

You visited 2 branches of the dungeon, and saw 9 of its levels.

You collected 414 gold pieces.

Inventory:

Hand Weapons
 a - a +1 dagger
 e - a +0 dagger of draining (weapon)
Armour
 b - a +0 robe (worn)
 y - the +2 pair of gloves "Tedirph" (worn) {MR+ Int+2}
   (You found it on level 4 of the Dungeon)

   It affects your intelligence (+2).
   It affects your resistance to hostile enchantments.
 H - a +0 large shield
 J - a +2 hat (worn)
Jewellery
 q - a ring of protection from fire (right hand)
 E - the amulet of Pitub (around neck) {Spirit rF- Int+2 Stlth+}
   (You found it on level 5 of the Dungeon)

   [amulet of guardian spirit]

   It causes incoming damage to be split between your health and magic.
   It affects your intelligence (+2).
   It makes you vulnerable to fire.
   It makes you more stealthy.
 G - a +3 ring of slaying (left hand)
Wands
 x - a wand of digging (14/24)
 z - a wand of disintegration (13/24)
 B - a wand of scattershot (3/9)
Scrolls
 g - a scroll of immolation {unknown}
 j - 2 scrolls of remove curse
 m - a scroll of enchant armour {unknown}
 n - 2 scrolls of fear
 s - 2 scrolls of magic mapping {unknown}
 C - a scroll of noise {unknown}
 D - 5 scrolls of teleportation {unknown}
 F - 2 scrolls of enchant weapon {unknown}
 I - a scroll of fog {unknown}
Potions
 d - 12 potions of blood
 f - 3 potions of might
 h - 2 potions of invisibility
 i - a potion of lignification
 l - 3 potions of agility
 o - a potion of berserk rage {unknown}
 p - a potion of flight {unknown}
 r - a potion of brilliance {unknown}
 t - a potion of magic {unknown}
 u - a potion of cancellation {unknown}
 v - 8 potions of curing
 A - a potion of resistance {unknown}
Books
 c - a book of Maledictions

   Spells                             Type                      Level
   a - Corona                         Hexes                        1
   b - Ensorcelled Hibernation        Hexes/Ice                    2
   c - Confuse                        Hexes                        3
   d - Tukima's Dance                 Hexes                        3
   e - Dazzling Spray                 Conjuration/Hexes            3
 k - a book of Necromancy

   Spells                             Type                      Level
   a - Pain                           Necromancy                   1
   b - Animate Skeleton               Necromancy                   1
   c - Vampiric Draining              Necromancy                   3
   d - Regeneration                   Charms/Necromancy            3
   e - Animate Dead                   Necromancy                   4
   f - Control Undead                 Necromancy                   4


   Skills:
 - Level 3.1 Fighting
 - Level 4.2 Short Blades
 - Level 4.1 Dodging
 - Level 14.1 Stealth
 - Level 3.3 Shields
 - Level 3.0 Spellcasting
 + Level 7.8 Hexes


You had 2 spell levels left.
You knew the following spells:

 Your Spells              Type           Power        Failure   Level  Hunger
a - Corona                Hex            #####..      1%          1    None
b - Ensorcelled Hibernat  Hex/Ice        ###...       4%          2    ##.....
c - Confuse               Hex            #####...     1%          3    ###....
d - Tukima's Dance        Hex            #####...     1%          3    ###....
e - Dazzling Spray        Conj/Hex       ###...       8%          3    ###....


Dungeon Overview and Level Annotations

Branches:
Dungeon (8/15)             Temple (1/1) D:4
   Lair: D:8-11

Altars:
Ashenzari
Dithmenos
Elyvilon
Fedhas
Hepliaklqana
Kikubaaqudgha
Makhleb
Nemelex Xobeh
Okawaru
Qazlal
Ru
Sif Muna
Trog
Uskayaw
Vehumet
Wu Jian
Xom
Yredelemnul
The Shining One


Innate Abilities, Weirdness & Mutations

You heal slowly.
You have razor-sharp teeth.
You have supernaturally acute eyesight. (SInv)
You can survive without breathing.
You are agile. (Dex +2)
Your body sometimes deteriorates upon taking damage.


Message History

Your giant club hits the two-headed ogre.
You hit the two-headed ogre.
The two-headed ogre is lightly wounded.
The two-headed ogre misses you. The two-headed ogre hits you.
* * * LOW HITPOINT WARNING * * *
Your great mace hits the two-headed ogre!
Casting: Tukima's Dance
Confirm with . or Enter, or press ? or * to list all spells.
Aiming: Ensorcelled Hibernation
Press: ? - help, Shift-Dir - straight line, f/p - two-headed ogre
Aim: a two-headed ogre (lightly wounded, umbra, chance to defeat MR: 32%)
The two-headed ogre easily resists.
The two-headed ogre closely misses you. The two-headed ogre hits you.
* * * LOW HITPOINT WARNING * * *
Okay, then.
Found a scroll labeled VESHIF RAGUI.
Your giant club barely misses something.
You swap places.
Your giant club hits something!!
The two-headed ogre hits you!
You die...

..#.## ####............# ..#..#
#....#..........### ## ..##.#
#....#............ ..
...#.#######.>..#..........# #.
...........................# #.
.#......####..............## #.
.###..#.###.....(..........#####.
. #..#..%.....O#.(.........(....
. #....#..#....@........>.###...
. ###....###..............#...##
#.##.#...#............#.###
#..(...##..##.........#.
...#..#...###.......#.#
.#...............#.....#
...#...............##....####
#.##.........##........... #.
#.......#.##...........


You could see a two-headed ogre and a friendly great mace.

Vanquished Creatures
  The ghost of patcoet the Ogre Mage, a novice OgFE of Vehumet (D:6)
  Grinder (D:5)
  The ghost of mora the Skirmisher, an amateur VSFi (D:4)
  A black bear (D:7)
  An ice beast (D:5)
  An ogre (D:4)
  2 centaurs
  3 bullfrogs
  2 scorpions
  2 howler monkeys (D:5)
  An electric eel (D:7)
  5 crimson imps
  2 orc priests
  4 hounds
  2 centaur skeletons
  4 iguanas
  5 orc wizards
  2 worker ants
  A hound skeleton (D:4)
  3 gnolls (D:3)
  8 adders
  3 shadow imps
  An ooze (D:3)
  An adder skeleton (D:6)
  2 adder zombies
  4 worms
  2 dart slugs
  3 leopard geckos (D:3)
  19 orcs
  2 ball pythons
  A bat zombie (D:1)
  2 giant cockroaches (D:3)
  4 hobgoblins
  12 jackals
  4 kobolds
  4 quokkas
  10 bats
  5 frilled lizards
  9 goblins
  A jackal zombie (D:5)
  A quokka skeleton (D:5)
  A quokka zombie (D:6)
  8 rats
151 creatures vanquished.

Notes
Turn   | Place    | Note
-------+----------+-------------------------------------------
     0 | D:1      | Murumi the Vampire Enchanter began the quest for the Orb.
     0 | D:1      | Reached XP level 1. HP: 13/13 MP: 3/3
   116 | D:1      | Reached skill level 5 in Stealth
   396 | D:1      | Reached XP level 2. HP: 15/20 MP: 1/5
   400 | D:1      | Learned a level 2 spell: Ensorcelled Hibernation
   593 | D:1      | Reached skill level 1 in Fighting
  1242 | D:2      | Found an iron altar of Okawaru.
  1272 | D:2      | Reached skill level 6 in Stealth
  1272 | D:2      | Reached XP level 3. HP: 26/26 MP: 1/6
  2192 | D:2      | Reached skill level 7 in Stealth
  2330 | D:3      | Reached XP level 4. HP: 32/32 MP: 7/7
  2331 | D:3      | Found a deep blue altar of Sif Muna.
  2615 | D:3      | Learned a level 3 spell: Confuse
  2633 | D:3      | Found a basalt altar of Yredelemnul.
  2805 | D:3      | Reached skill level 8 in Stealth
  2873 | D:3      | Reached XP level 5. HP: 37/37 MP: 8/8
  3325 | D:3      | Found an ancient bone altar of Kikubaaqudgha.
  3404 | D:3      | Found a hazy altar of Hepliaklqana.
  3584 | D:3      | Reached skill level 9 in Stealth
  3602 | D:2      | Found a blossoming altar of Fedhas.
  3602 | D:2      | Found a hide-covered altar of Uskayaw.
  4051 | D:4      | Reached XP level 6. HP: 31/43 MP: 2/9
  4142 | D:4      | Got a pair of encrusted gloves
  4148 | D:4      | Identified the +2 pair of gloves "Tedirph" {MR+ Int+2} (You found it on level 4 of the Dungeon)
  4215 | D:4      | Noticed mora's ghost (amateur VSFi)
  4222 | D:4      | Reached skill level 10 in Stealth
  4325 | D:4      | Found a staircase to the Ecumenical Temple.
  4334 | Temple   | Entered the Ecumenical Temple
  4344 | Temple   | Became a worshipper of Dithmenos the Shadowed
  4631 | D:4      | Found a sacrificial altar of Ru.
  4757 | D:4      | Killed mora's ghost
  4757 | D:4      | Reached skill level 11 in Stealth
  4757 | D:4      | Reached XP level 7. HP: 28/48 MP: 0/10
  4968 | D:5      | Entered Level 5 of the Dungeon
  5075 | D:5      | Got a scorched emerald amulet
  5241 | D:5      | Reached skill level 12 in Stealth
  5305 | D:5      | Learned a level 3 spell: Tukima's Dance
  5499 | D:5      | Identified the amulet of Pitub {Spirit rF- Int+2 Stlth+} (You found it on level 5 of the Dungeon)
  5668 | D:5      | Reached skill level 5 in Hexes
  5815 | D:5      | Found a shimmering altar of Xom.
  5983 | D:5      | Noticed Grinder
  6022 | D:5      | Killed Grinder
  6022 | D:5      | Reached XP level 8. HP: 43/56 MP: 3/11
  6483 | D:5      | Reached * piety under Dithmenos
  6592 | D:5      | Found a basalt altar of Yredelemnul.
  6644 | D:5      | Found a white marble altar of Elyvilon.
  7108 | D:6      | Reached skill level 1 in Shields
  7317 | D:6      | Learned a level 3 spell: Dazzling Spray
  7354 | D:6      | Noticed patcoet's ghost (novice OgFE)
  7392 | D:6      | Killed patcoet's ghost
  7392 | D:6      | Reached skill level 14 in Stealth
  7392 | D:6      | Reached XP level 9. HP: 37/61 MP: 1/13
  8438 | D:7      | Reached ** piety under Dithmenos
  8485 | D:7      | Gained mutation: Your movements are slightly less encumbered by armour. (ER -2) [potion of mutation]
  8485 | D:7      | Gained mutation: You have a pair of small horns on your head. [potion of mutation]
  8486 | D:7      | Lost mutation: You have a pair of small horns on your head. [potion of mutation]
  8486 | D:7      | Lost mutation: Your movements are slightly less encumbered by armour. (ER -2) [potion of mutation]
  8486 | D:7      | Gained mutation: Your spells are a little easier to cast, but a little less powerful. [potion of mutation]
  8486 | D:7      | Gained mutation: You evolve. [potion of mutation]
  8487 | D:7      | Lost mutation: Your spells are a little easier to cast, but a little less powerful. [potion of mutation]
  8487 | D:7      | Lost mutation: You evolve. [potion of mutation]
  8487 | D:7      | Gained mutation: Your body sometimes deteriorates upon taking damage. [potion of mutation]
  8487 | D:7      | Gained mutation: You are agile. (Dex +2) [potion of mutation]
  9124 | D:8      | Noticed a two-headed ogre
  9165 | D:8      | Slain by a two-headed ogre

Vault maps used:
D:1:      saegor_arrival_fortress
D:2:      lemuel_doored_altar, nicolae_overflow_hidden_temple, minmay_cut_off
D:3:      kiku_gazebo_pond_becter, overflow_temple_1_default, tgw_sif,
          kennysheep_small_spiral, yredelemnul_altar_generic
D:4:      nicolae_ru_awakened_eye, minmay_temple_entry_large_hall,
          minmay_misc_feat_rugged, roderic_batcave
D:5:      kennysheep_ying_yang, nicolae_overflow_crystal_walls, first_bread,
          minmay_misc_feat_roman, minivault_4, uniq_grinder
D:6:      serial_curves, eino_curves_01, eino_curves_01
D:7:      minivault_4
D:8:      slow_altar_1
Temple:   compressed_dpeg_triangle_lava_temple

Skill      XL: |  1  2  3  4  5  6  7  8  9 |
---------------+----------------------------+-----
Stealth        | 5 6 7 8 9 11 12 14 | 14.1
Fighting       | 1 2 3 |  3.1
Short Blades   | 2 3 4 |  4.2
Hexes          | 7 |  7.8
Dodging        | 3 4 |  4.1
Spellcasting   | 3 |  3.0
Shields        | 2 3 |  3.3

Action                   |  1- 3 |  4- 6 |  7- 9 || total
-------------------------+-------+-------+-------++-------
Melee: Dagger            |    98 |   111 |   358 ||   567
       Bite              |     4 |    10 |    32 ||    46
 Cast: Corona            |     6 |       |       ||     6
       Ensorcelled Hiber |    17 |    25 |    56 ||    98
       Confuse           |       |     5 |    28 ||    33
       Tukima's Dance    |       |       |     3 ||     3
 Abil: End Transformatio |     1 |     2 |       ||     3
       Bat Form          |     1 |     2 |       ||     3
  Use: Scroll            |     4 |       |     7 ||    11
       Potion            |       |       |    18 ||    18
 Stab: Sleeping          |    25 |    27 |    41 ||    93
       Confused          |       |     2 |    13 ||    15
       Distracted        |       |     1 |     1 ||     2
       Invisible         |       |       |     1 ||     1
  Eat: Corpse            |     2 |     5 |       ||     7
Armor: Robe              |    19 |    22 |    61 ||   102
Dodge: Dodged            |    74 |    61 |   197 ||   332
